 Dungeon Crawl Stone Soup version 0.32-a0-361-g289a535e89 (webtiles) character file.

Game seed: 14124467221051885761

35 eruonna the Slasher (level 3, -20/31 HPs)
             Began as a Minotaur Chaos Knight on Feb 19, 2024.
             Was a Plaything of Xom.
             Killed by an exploding hobgoblin zombie (27 damage)
             ... ignited by their inner flame
             ... on level 1 of the Dungeon.
             The game lasted 00:02:01 (242 turns).

eruonna the Slasher (Minotaur Chaos Knight)          Turns: 242, Time: 00:02:03

Health: -20/31     AC:  5    Str: 18    XL:     3   Next: 16%
Magic:  2/2        EV: 11    Int:  9    God:    Xom [..*...]
Gold:   34         SH:  0    Dex:  9    Spells: 2/2 levels left

rFire   . . .        a - +0 falchion (chaos)
rCold   . . .        (no shield)
rNeg    . . .        b - +2 leather armour
rPois   .            (helmet restricted)
rElec   .            (no cloak)
rCorr   .            (no gloves)
SInv    .            (no boots)
Will    .....        (no amulet)
Stlth   +            (no ring)
HPRegen 0.25/turn    (no ring)
MPRegen 0.08/turn

%: no passive effects
@: no status effects
A: horns 2, retaliatory headbutt
a: Renounce Religion


You were on level 1 of the Dungeon.
You worshipped Xom.
You were a toy of Xom.
You visited 1 branch of the dungeon, and saw 1 of its levels.

You collected 34 gold pieces.

Inventory:

Hand Weapons
 a - a +0 falchion of chaos (weapon)
 f - a +2 dagger of holy wrath
Armour
 b - a +2 leather armour (worn)
 d - a +0 ring mail
Scrolls
 c - a scroll of butterflies
 g - a scroll of fog {unknown}


   Skills:
 - Level 3.6 Fighting
 + Level 5.2 Long Blades
 - Level 2.4 Armour
 - Level 1.1 Dodging


You had 2 spell levels left.
You didn't know any spells.
Your spell library was empty.

Dungeon Overview and Level Annotations

Branches:
Dungeon (1/15)

Altars:

Shops:
D:1 (


Innate Abilities, Weirdness & Mutations

You have a pair of horns on your head.
You reflexively headbutt those who attack you in melee.


Message History

You now have 34 gold pieces (gained 11).
A goblin comes into view.
It is wielding a +2 dagger of holy wrath.
The goblin shouts!
The goblin moves out of view.
Found a scroll labelled IROUTA WOUMUW.
An endoplasm comes into view.
You hit the goblin. You freeze the goblin.
You kill the goblin!
You see here a +2 dagger of holy wrath.
f - a +2 dagger of holy wrath The endoplasm hits you but does no damage.
You hit the endoplasm.
The endoplasm seems to grow stronger.
Xom thinks this is hilarious!
You headbutt the endoplasm.
The endoplasm is severely wounded.
Your hobgoblin zombie hits the endoplasm but does no damage.
The endoplasm hits your hobgoblin zombie.
You hit the endoplasm. You freeze the endoplasm.
You kill the endoplasm!
g - a scroll labelled IROUTA WOUMUW A quokka comes into view.
As you read the scroll labelled HITEOTH OXYIV, it crumbles to dust.
The creatures around you are filled with an inner flame!
It was a scroll of immolation.
The quokka bites you. The quokka barely misses you.
You hit the quokka.
Flame seeps out of the quokka.
The quokka is poisoned.
Your headbutt misses the quokka.
The quokka is moderately wounded.
The quokka is engulfed in blazing flames.
The quokka explodes!
The fiery explosion engulfs you!!
Ouch! That really hurt!
* * * LOW HITPOINT WARNING * * *
You swap places.
Your hobgoblin zombie is engulfed in blazing flames.
Your hobgoblin zombie explodes!
The fiery explosion engulfs you!!
Ouch! That really hurt!
You die...
Xom chuckles heartily!

..........##.# ..#
#.......#<#
..........##.# ..#
#...####...#
..........##.# ..#
.. ###.#
####..######.# ..#
#.. ##.## #.# ..#
..# #..#####.###..#
.#. ##..........#
## #
#######.##.######.#
#....@§○§...#
#.....#########
...#.### ######


There were no monsters in sight!

Vanquished Creatures
  2 ball pythons (D:1)
  3 endoplasms (D:1)
  A goblin (D:1)
  3 hobgoblins (D:1)
  2 kobolds (D:1)
  A quokka (D:1)
  7 frilled lizards (D:1)
  A hobgoblin zombie (D:1)
20 creatures vanquished.

Notes
Turn   | Place    | Note
-------+----------+-------------------------------------------
     0 | D:1      | eruonna the Minotaur Chaos Knight began the quest for the
                  | Orb.
     0 | D:1      | Reached XP level 1. HP: 19/19 MP: 0/0
    11 | D:1      | Found Mucewuiw's Weapon Emporium.
    31 | D:1      | Reached skill level 4 in Long Blades
    33 | D:1      | Reached XP level 2. HP: 26/26 MP: 1/1
   166 | D:1      | Reached skill level 5 in Long Blades
   191 | D:1      | XOM: silly message
   199 | D:1      | Reached XP level 3. HP: 31/31 MP: 2/2
   242 | D:1      | Killed by an exploding hobgoblin zombie... ignited by their
                  | inner flame

Illustrated notes

Levels and vault maps discovered:
D:1:      dpeg_arrival_round_a, layout_rooms, serial_curves, eino_curves_01,
          eino_curves_02, serial_shops, nicolae_shop_advertising_works
          [nicolae_subvault_shop_adworks], minmay_misc_feat_plants,
          minmay_lizard_pond

Skill      XL: |  1  2 |
---------------+-------+-----
Long Blades    | 4 5 |  5.2
Fighting       | |  3.6
Armour         | |  2.4
Dodging        | |  1.1

Action                     || total
---------------------------++-------
  Melee: Falchion          ||    27
         Headbutt          ||     2
    Use: Scroll            ||     1
 Armour: Leather armour    ||    13
  Dodge: Dodged            ||    14

Table legend: (Time is in decaauts)
 A = Elapsed time spent in this place.
 B = Non-inter-level travel time spent in this place.
 C = Inter-level travel time spent in this place.
 D = Time resting spent in this place.
 E = Time spent auto-exploring this place.
 F = Levels seen in this place.
 G = Mean time per level.
                   A        B        C        D        E       F      G
               +--------+--------+--------+--------+--------+-----+--------+
         Total |    243 |    243 |      0 |      0 |    135 |   1 |  243.0 |
       Dungeon |    243 |    243 |      0 |      0 |    135 |   1 |  243.0 |
               +--------+--------+--------+--------+--------+-----+--------+

Top non-repeatable levels by time:
     D:1: 243 daAuts
